 Dungeon Crawl Stone Soup version 0.31.0-32-g396128a36d (webtiles) character file.

Game seed: 18177701865260675861

91 spaghetti the Slasher (level 4, -5/28 HPs)
             Began as a Tengu Berserker on Mar 24, 2024.
             Was a Believer of Trog.
             Slain by a gnoll
             ... wielding a +0 whip
              (9 damage)
             ... on level 2 of the Dungeon.
             The game lasted 00:01:35 (1624 turns).

spaghetti the Slasher (Tengu Berserker)             Turns: 1624, Time: 00:01:35

Health: -5/28      AC:  2    Str: 17    XL:     4   Next: 59%
Magic:  0/5        EV: 13    Int:  7    God:    Trog [**....]
Gold:   72         SH:  0    Dex: 16    Spells: 3/3 levels left

rFire   . . .        a - +1 falchion
rCold   . . .        (no shield)
rNeg    . . .        b - +0 animal skin
rPois   .            (helmet restricted)
rElec   .            (no cloak)
rCorr   .            (no gloves)
SInv    .            (boots unavailable)
Will    .....        d - amulet of guardian spirit
Stlth   +            (no ring)
HPRegen 0.24/turn    (no ring)
MPRegen 0.09/turn

%: acrobat, guardian spirit
@: on berserk cooldown, attractive, slowed, very slow
A: beak, talons 3, acrobatic
a: Renounce Religion, Berserk, Trog's Hand


You were on level 2 of the Dungeon.
You worshipped Trog.
Trog was pleased with you.
You visited 1 branch of the dungeon, and saw 3 of its levels.

You collected 72 gold pieces.

Inventory:

Hand Weapons
 a - a +1 falchion (weapon)
Armour
 b - a +0 animal skin (worn)
Jewellery
 d - an amulet of guardian spirit (around neck)
 e - an amulet of magic regeneration
Scrolls
 h - a scroll of vulnerability {unknown}
Potions
 c - a potion of curing {unknown}


   Skills:
 - Level 3.0 Fighting
 + Level 4.3 Long Blades
 + Level 3.3 Armour
 + Level 3.4 Dodging


You had 3 spell levels left.
You didn't know any spells.
Your spell library was empty.

Dungeon Overview and Level Annotations

Branches:
Dungeon (3/15)

Altars:
Xom


Innate Abilities, Weirdness & Mutations

You have a beak for a mouth.
You have claws for feet.
You can magically evade attacks while moving or waiting.


Message History

You are too injured to fight recklessly!
You are too injured to fight recklessly!
You are too injured to fight recklessly!
You are too injured to fight recklessly!
You are too injured to fight recklessly!
You are too injured to fight recklessly!
You are too injured to fight recklessly!
You are too injured to fight recklessly!
You are too injured to fight recklessly!
You are too injured to fight recklessly!
A red film seems to cover your vision as you go berserk!
You feel yourself moving faster!
You feel mighty! The gnoll hits you with a +0 whip.
The hobgoblin closely misses you. The gnoll hits you with a +0 whip.
The gnoll hits you with a +0 flail!
* * * LOW HITPOINT WARNING * * *
You slash the hobgoblin!
You kill the hobgoblin!
Trog accepts your kill. The gnoll misses you. The gnoll completely misses you.
The gnoll hits you with a +0 flail!
* * * LOW HITPOINT WARNING * * *
There is a stone staircase leading up here.
You feel a strong urge to attack something.
You climb upwards.
You are no longer berserk.
You are exhausted.
You feel yourself slow down.
There is a stone staircase leading down here.
You can't go up here!
Unknown command.
Unknown command.
Okay, then.
You feel much better. The gnoll misses you. The gnoll hits you with a +0 whip.
The gnoll barely misses you. x2; The gnoll hits you with a +0 flail!
* * * LOW HITPOINT WARNING * * *
The gnoll misses you.
It was a potion of attraction.
You feel attractive to monsters. The gnoll hits you with a +0 whip!
You die...

.##.........#8...8#....#
.#....†.....###_###....#
.......<......###......#
#...................####
####........#..##.###
...#........##.##.##
.~.#.......###.....#
.~.#.........###g..#
.~.#...#####....@g.#
.~.##### ####.g..# ...#
##...# #'#### #...#
#....## #...# ..##..###
##### #..##...###
##..###...# ##.# ###.#


You could see 3 gnolls.

Vanquished Creatures
  Terence (D:2)
  2 gnolls
  A dart slug (D:1)
  3 ball pythons (D:1)
  2 endoplasms
  2 giant cockroaches (D:1)
  5 hobgoblins
  3 kobolds
  4 quokkas
  6 bats
  8 goblins
  5 rats
42 creatures vanquished.

Notes
Turn   | Place    | Note
-------+----------+-------------------------------------------
     0 | D:1      | spaghetti the Tengu Berserker began the quest for the Orb.
     0 | D:1      | Reached XP level 1. HP: 14/14 MP: 2/2
   341 | D:1      | Reached XP level 2. HP: 19/19 MP: 3/3
   558 | D:1      | Reached XP level 3. HP: 8/23 MP: 4/4
   676 | D:1      | Reached ** piety under Trog
  1056 | D:2      | Reached skill level 4 in Long Blades
  1134 | D:2      | Found a shimmering altar of Xom.
  1413 | D:2      | Noticed Terence
  1422 | D:2      | Killed Terence
  1423 | D:2      | Reached XP level 4. HP: 22/28 MP: 2/5
  1532 | D:2      | Found a faded altar of an unknown god.
  1532 | D:2      | Noticed a Brimstone Fiend
  1619 | D:3      | HP: 1/42 [gnoll/+0 flail (7)]
  1624 | D:2      | Slain by a gnoll

Illustrated notes

Levels and vault maps discovered:
D:1:      amcnicky_arrival_single_pillar, layout_basic, amethyst_killhole,
          minmay_misc_feat_plants, minmay_hedge_maze
D:2:      layout_rooms, basic_altar, dreamdust_ecumenical_altar_sealed_demon,
          dk_vineyard_2, nicolae_figureground_sparkle, uniq_terence
D:3:      minmay_spotlight, layout_basic,
          mainiacjoe_overflow_concentric_impassable,
          mainiacjoe_overflow_surrounded_room, gammafunk_ghost_smash

Skill      XL: |  1  2  3 |
---------------+----------+-----
Dodging        | 3 |  3.4
Armour         | 3 |  3.3
Long Blades    | 4 |  4.3
Fighting       | |  3.0

Action                     |  1- 3 |  4- 6 || total
---------------------------+-------+-------++-------
  Melee: Falchion          |    78 |    11 ||    89
         Peck              |     9 |     1 ||    10
         Kick              |    16 |     2 ||    18
         Punch             |     1 |       ||     1
 Invoke: Berserk           |     3 |     1 ||     4
    Use: Scroll            |     4 |       ||     4
         Potion            |     1 |     2 ||     3
   Stab: Sleeping          |     3 |       ||     3
 Armour: Animal skin       |    37 |    13 ||    50
  Dodge: Dodged            |    72 |    23 ||    95
